 Dungeon Crawl Stone Soup version 0.27.0-1-g7a089689b8 (webtiles) character file.

Game seed: 4493831097685465900

51 andy990a the Skirmisher (level 3, -2/49 HPs)
             Began as a Minotaur Berserker on Aug 7, 2021.
             Was a Believer of Trog.
             Slain by an orc (5 damage)
             ... on level 3 of the Dungeon.
             The game lasted 00:06:53 (1414 turns).

andy990a the Skirmisher (Minotaur Berserker)        Turns: 1414, Time: 00:06:53

Health: -2/49      AC:  5    Str: 22    XL:     3   Next: 57%
Magic:  2/2        EV: 11    Int:  4    God:    Trog [**....]
Gold:   137        SH:  0    Dex:  9    Spells: 2/2 levels left

rFire    . . .     SeeInvis .   a - +0 hand axe
rCold    . . .     Faith    .   (no shield)
rNeg     . . .     Spirit   .   g - +0 ring mail
rPois    .         Reflect  .   (helmet restricted)
rElec    .         Harm     .   (no cloak)
rCorr    .         Rampage  .   (no gloves)
Will     .....                  (no boots)
Stlth    ..........             (no amulet)
HPRegen  0.16/turn              (no ring)
MPRegen  0.08/turn              (no ring)

@: berserking, very quick
A: horns 2, retaliatory headbutt
a: Renounce Religion, Berserk, Trog's Hand


You were on level 3 of the Dungeon.
You worshipped Trog.
Trog was pleased with you.
You visited 1 branch of the dungeon, and saw 3 of its levels.

You collected 137 gold pieces.

Inventory:

Hand Weapons
 a - a +0 hand axe (weapon)
Armour
 b - a +0 animal skin
 d - a +0 leather armour
 g - a +0 ring mail (worn)
 k - a +0 ring mail
Scrolls
 c - a scroll of teleportation {unknown}
 f - 3 scrolls of identify {unknown}
 i - 3 scrolls of immolation {unknown}
 j - 3 scrolls of fog {unknown}
 l - a scroll of fear {unknown}
Potions
 e - 2 potions of flight {unknown}
 h - 2 potions of heal wounds {unknown}
 m - a potion of attraction {unknown}


   Skills:
 * Level 4.2 Fighting
 * Level 4.2 Axes
 + Level 3.0 Armour
 + Level 2.9 Dodging


You had 2 spell levels left.
You didn't know any spells.
Your spell library was empty.

Dungeon Overview and Level Annotations

Branches:
Dungeon (3/15)

Altars:
Dithmenos


Innate Abilities, Weirdness & Mutations

You have a pair of horns on your head.
You reflexively headbutt those who attack you in melee.


Message History

A kobold and 2 orcs come into view.
The kobold shouts!
The orc shouts! x2
An orc comes into view. It is wielding a +0 trident.
The orc hits you but does no damage.
Found a shadowy altar of Dithmenos.
You closely miss the orc. Your headbutt misses the orc.
You closely miss the orc. The orc hits you with a +0 war axe!
The orc hits you but does no damage.
You hit the orc. Your headbutt misses the orc.
The orc is heavily wounded.
You hit the orc but do no damage. The orc hits you but does no damage. x2
The orc closely misses you.
You barely miss the orc. You headbutt the orc.
You kill the orc!
Trog accepts your kill.
You closely miss the orc. You hit the orc but do no damage.
The orc hits you with a +0 hand axe. The orc hits you with a +0 war axe!
* * * LOW HITPOINT WARNING * * *
The orc hits you with a +0 hand axe.
* * * LOW HITPOINT WARNING * * *
The orc closely misses you.
You don't know any spells.
Press: ? - help, v - describe, . - travel The floor.
A red film seems to cover your vision as you go berserk!
You feel yourself moving faster!
You feel mighty! The orc hits you with a +0 war axe.
* * * LOW HITPOINT WARNING * * *
You slash the orc!
You kill the orc!
Trog accepts your kill.
You slash the kobold!
You kill the kobold!
Trog accepts your kill.
You slash the orc!
You kill the orc!
Trog accepts your kill. The orc hits you but does no damage.
The orc hits you with a +0 trident.
You die...

#..........#....†..
........##..........#.......
........##..........#.......
........##..........#.#.....
........##..........#.#.....
PPPP....##..........#.#.....
........###'#'#######.#.....
PP.P..).# #.#.# #.#.....
...P....###@#.### ###.#.....
_..P......o.<...###...#.....
...P......o...........+.....
PP.P.########........##
..... #........####


PPPP #............ ... #.....####### ..# #.....# #.....# You could see 2 orcs.

Vanquished Creatures
  2 dart slugs
  3 orcs (D:3)
  4 bats
  3 endoplasms
  2 giant cockroaches (D:1)
  4 goblins
  3 hobgoblins
  5 jackals
  5 kobolds
  A quokka (D:1)
  3 ball pythons (D:1)
  A frilled lizard (D:2)
  3 rats (D:1)
39 creatures vanquished.

Notes
Turn   | Place    | Note
-------+----------+-------------------------------------------
     0 | D:1      | andy990a the Minotaur Berserker began the quest for the
                  | Orb.
     0 | D:1      | Reached XP level 1. HP: 19/19 MP: 0/0
   278 | D:1      | Reached XP level 2. HP: 27/27 MP: 1/1
   511 | D:1      | Found a faded altar of an unknown god.
   718 | D:2      | Reached ** piety under Trog
   721 | D:2      | Reached XP level 3. HP: 32/33 MP: 2/2
  1401 | D:3      | Found a shadowy altar of Dithmenos.
  1410 | D:3      | HP: 2/49 [orc (5)]
  1414 | D:3      | Slain by an orc

Illustrated notes

Levels and vault maps discovered:
D:1:      lightli_arrival_flooded_house, layout_basic, basic_ecumenical_altar
D:2:      layout_basic, serial_aquarium, aquarium_bridge_square
          [aquarium_subvault_bridge, aquarium_subvault_bridge,
          aquarium_subvault_window, aquarium_subvault_window],
          aquarium_bridge_straight [aquarium_subvault_bridge,
          aquarium_subvault_wall, aquarium_subvault_bridge,
          aquarium_subvault_wall], aquarium_window_double, aquarium_window_1,
          aquarium_view_2c
D:3:      layout_basic, mainiacjoe_overflow_cross_hatched

Skill      XL: |  1  2  3 |
---------------+----------+-----
Axes           | 4 |  4.2
Fighting       | 4 |  4.2
Armour         | 3 |  3.0
Dodging        | |  2.9

Action                   || total
-------------------------++-------
Melee: Hand axe          ||    70
       Headbutt          ||     6
Invok: Berserk           ||     1
Armor: Animal skin       ||     6
       Ring mail         ||    21
Dodge: Dodged            ||    49
